 Dungeon Crawl Stone Soup version 0.24-a0-408-gcc1054c7ca (webtiles) character file.

Game seed: 13300392384114069789

71 Engwar the Conjurer (level 4, 0/33 HPs)
             Began as a Draconian Fire Elementalist on June 5, 2019.
             Slain by an ice beast (14 damage)
             ... on level 2 of the Dungeon.
             The game lasted 00:10:36 (1591 turns).

Engwar the Conjurer (Draconian Fire Elementalist)   Turns: 1591, Time: 00:10:37

Health: 0/33       AC:  6    Str: 10    XL:     4   Next: 5%
Magic:  7/7        EV: 12    Int: 17    God:
Gold:   80         SH:  0    Dex: 11    Spells: 0/7 levels left

rFire    . . .     SeeInvis +   a - +0 whip
rCold    . . .     Gourm    .   (no shield)
rNeg     . . .     Faith    .   (armour unavailable)
rPois    +         Spirit   .   (helmet restricted)
rElec    .         Reflect  .   (no cloak)
rCorr    .         Harm     .   i - +0 pair of gloves
MR       .....                  (no boots)
Stlth    ++........             (no amulet)
HPRegen  0.11/turn              h - ring of poison resistance
MPRegen  0.10/turn              n - ring of see invisible

@: slowed, very slow
A: unfitting armour, cold-blooded, AC +5
a: no special abilities


You were on level 2 of the Dungeon.
You were hungry.

You visited 1 branch of the dungeon, and saw 2 of its levels.

You collected 80 gold pieces.

Inventory:

Hand Weapons
 a - a +0 whip (weapon)
 b - a +0 hunting sling
Missiles
 d - 16 stones (quivered)
Armour
 i - a +0 pair of gloves (worn)
Jewellery
 h - a ring of poison resistance (left hand)
 n - a ring of see invisible (right hand)
Potions
 e - 2 potions of lignification
 g - 2 potions of heal wounds {unknown}
 j - a potion of resistance {unknown}
 k - a potion of agility {unknown}
 l - 2 potions of cancellation {unknown}
Comestibles
 c - a chunk of flesh
 m - 4 rations


   Skills:
 - Level 1.7 Dodging
 - Level 1.7 Stealth
 - Level 2.0 Spellcasting
 + Level 3.9 Conjurations
 + Level 3.0 Fire Magic


You couldn't memorise any spells.
You knew the following spells:

 Your Spells              Type           Power        Failure   Level  Hunger
a - Flame Tongue          Conj/Fire      ##...        4%          1    #......
b - Inner Flame           Hex/Fire       #.......     30%         3    ###....
c - Conjure Flame         Conj/Fire      ##......     14%         3    ###....

Your spell library contained the following spells:

 Spells                   Type           Power        Failure   Level  Hunger
 Throw Flame              Conj/Fire      ##....       7%          2    ###....
 Sticky Flame             Conj/Fire      ##......     41%         4    #####..
 Fireball                 Conj/Fire      ##........   77%         5    ######.


Dungeon Overview and Level Annotations

Branches:
Dungeon (2/15)

Altars:


Innate Abilities, Weirdness & Mutations

Your plain brown scales are hard. (AC +5)
You cannot fit into any form of body armour.
You are cold-blooded and may be slowed by cold attacks.


Message History

The ice beast is severely wounded.
The ice beast hits you but does no damage.
You hit the ice beast but do no damage.
The ice beast is severely wounded.
The ice beast hits you but does no damage.
You barely miss the ice beast.
The ice beast is severely wounded.
The ice beast hits you but does no damage. x2
You hit the ice beast but do no damage.
The ice beast is severely wounded.
The ice beast hits you but does no damage.
You hit the ice beast but do no damage.
The ice beast is severely wounded.
You feel less wooden.
Your +0 pair of gloves unmelds from your body.
The ice beast hits you but does no damage.
You barely miss the ice beast.
The ice beast is severely wounded.
The ice beast hits you. The ice beast freezes you!
You feel yourself slow down.
You die...

...#.......# #..#..##...#
#..#..##.### #..#[.##)#
#.>#..##.## #.....#...###.#
#.............#
###########...###...#####
#.(...(..Y@...# ##.##
#.##########).####.########
#.# #<.##...........
#.######## #.....#.########
#........# ##.####.#######
########Y# #............##
#.# ######.###÷Y...
#.#########.#.....##
#......Y..((#.....##


You could see an ice beast.

Vanquished Creatures
  An adder (D:2)
  5 dart slugs
  2 leopard geckos (D:1)
  3 bats
  2 giant cockroaches (D:1)
  8 goblins
  8 hobgoblins
  2 jackals (D:2)
  6 kobolds
  A frilled lizard (D:2)
  9 rats
47 creatures vanquished.

Notes
Turn   | Place    | Note
-------+----------+-------------------------------------------
     0 | D:1      | Engwar the Draconian Fire Elementalist began the quest for
                  | the Orb.
     0 | D:1      | Reached XP level 1. HP: 14/14 MP: 3/3
   134 | D:1      | Reached XP level 2. HP: 20/20 MP: 0/5
   509 | D:1      | Reached XP level 3. HP: 26/26 MP: 2/6
   517 | D:1      | Learned a level 3 spell: Inner Flame
   987 | D:2      | Noticed an ice beast
  1405 | D:2      | Reached XP level 4. HP: 33/33 MP: 2/7
  1414 | D:2      | Learned a level 3 spell: Conjure Flame
  1591 | D:2      | Slain by an ice beast

Levels and vault maps discovered:
D:1:      wander_arrival_estate, layout_basic
D:2:      layout_loops_ring, ebering_dispersal_statue_hall, minmay_pentomino_r2

Skill      XL: |  1  2 |
---------------+-------+-----
Conjurations   | 2 3 |  3.9
Dodging        | |  1.7
Stealth        | |  1.7
Spellcasting   | |  2.0
Fire Magic     | |  3.0

Action                   |  1- 3 |  4- 6 || total
-------------------------+-------+-------++-------
Melee: Club              |     3 |       ||     3
       Unarmed           |     1 |       ||     1
       Whip              |    16 |    32 ||    48
       Tailslap          |       |     2 ||     2
 Fire: Hunting sling     |       |     8 ||     8
Throw: Stone             |    19 |       ||    19
 Cast: Flame Tongue      |    68 |     5 ||    73
       Conjure Flame     |       |     1 ||     1
  Use: Scroll            |       |     1 ||     1
       Potion            |       |     1 ||     1
  Eat: Chunk             |     3 |       ||     3
Armor: Skin              |    15 |    31 ||    46
Dodge: Dodged            |    29 |     3 ||    32

Table legend:
 A = Non-vault XP
 B = Vault XP
 C = Vault XP percentage of total XP
 D = Non-vault monster count
 E = Vault monster count
 F = Vault count percentage of total count
                 A         B        C        D         E       F
            +---------+---------+-------+---------+---------+-------
      Total |     101 |       1 |   1.0 |      46 |       1 |   2.1
            +---------+---------+-------+---------+---------+-------
        D:1 |      58 |       0 |   0.0 |      27 |       0 |   0.0
        D:2 |      43 |       1 |   2.3 |      19 |       1 |   5.0
            +---------+---------+-------+---------+---------+-------
